 Dungeon Crawl Stone Soup version 0.27.0-1-g7a089689b8 (webtiles) character file.

Game seed: 6783618413857912128

33 Malachi the Scratcher (level 3, -1/15 HPs)
             Began as a Felid Transmuter on Aug 15, 2021.
             Slain by Terence (4 damage)
             ... on level 2 of the Dungeon.
             The game lasted 00:03:37 (2197 turns).

Malachi the Scratcher (Felid Transmuter)            Turns: 2197, Time: 00:03:38

Health: -1/15      AC:  1    Str:  6    XL:     3   Next: 12%
Magic:  7/7        EV: 17    Int: 15    God:
Gold:   57         SH:  0    Dex: 16    Spells: 4/7 levels left
                                        Lives:  0   Deaths: 1

rFire    . . .     SeeInvis +     - Unarmed
rCold    . . .     Faith    .   (shield unavailable)
rNeg     . . .     Spirit   .   (armour unavailable)
rPois    .         Reflect  .   (helmet unavailable)
rElec    .         Harm     .   (cloak unavailable)
rCorr    .         Rampage  .   (gloves unavailable)
Will     .....                  (boots unavailable)
Stlth    ++........             (no amulet)
HPRegen  0.05/turn              (no ring)
MPRegen  0.10/turn              (no ring)

@: appendages, quick
A: horns 2, very small, claws 1, fangs 3, see invisible, speed 1, shaggy fur 1,
stealthy paws, no weapons or thrown items, no armour, multi-lived
a: End Transformation


You were on level 2 of the Dungeon.
You had temporarily grown beastly horns.
You visited 1 branch of the dungeon, and saw 2 of its levels.

You collected 57 gold pieces.

Inventory:

Scrolls
 f - a scroll of blinking {unknown}
Potions
 a - a potion of haste {unknown}
 b - a potion of curing
 c - a potion of cancellation {unknown}
 d - a potion of mutation {unknown}
 e - a potion of flight {unknown}


   Skills:
 + Level 1.1 Fighting
 + Level 3.0 Dodging
 + Level 0.5 Stealth
 + Level 3.9 Unarmed Combat
 + Level 2.6 Spellcasting
 * Level 3.1 Transmutations


You had 4 spell levels left.
You knew the following spells:

 Your Spells              Type           Power      Damage    Failure   Level
a - Beastly Appendage     Tmut           22%        N/A       6%          1
b - Passwall              Tmut/Erth      5%         N/A       17%         2

Your spell library contained the following spells:

 Spells                   Type           Power      Damage    Failure   Level
 Wereblood                Tmut           11%        N/A       9%          2
 Corona                   Hex            1%         N/A       22%         1
 Ensorcelled Hibernation  Hex/Ice        2%         N/A       32%         2
 Spider Form              Tmut/Pois      3%         N/A       32%         3
 Swiftness                Air            1%         N/A       54%         3
 Tukima's Dance           Hex            1%         N/A       54%         3
 Ice Form                 Ice/Tmut       6%         N/A       73%         4
 Invisibility             Hex            0%         N/A       100%        6


Dungeon Overview and Level Annotations

Branches:
Dungeon (2/15)

Altars:

Annotations:
D:2 1 runed translucent door, Crazy Yiuf, Terence


Innate Abilities, Weirdness & Mutations

You have temporarily grown beastly horns.
You have sharp claws.
You have razor-sharp teeth.
You have supernaturally acute eyesight. (SInv)
You cover ground quickly. (Speed+)
You are covered in fur. (AC +1)
Your paws help you pounce on unaware monsters.
You are incapable of wielding weapons or throwing items.
You cannot wear armour.
You gain extra lives every three experience levels.


Message History

Terence is nearby!
Terence is nearby!
Terence is nearby!
Casting: Beastly Appendage (safe; 6% risk of failure)
Confirm with . or Enter, or press ? or * to list all spells.
You grow a pair of large bovine horns.
Terence throws a stone.
The stone completely misses you.
Terence throws a stone.
The stone closely misses you.
Terence throws a stone.
The stone hits you.
Terence throws a stone.
The stone closely misses you.
You barely miss Terence.
Terence is heavily wounded.
Terence hits you with a +0 short sword.
You scratch Terence. Your headbutt misses Terence.
Terence is severely wounded.
You scratch Terence but do no damage.
Terence is severely wounded.
Terence barely misses you.
You closely miss Terence.
Terence is severely wounded.
Terence drinks a potion.
Terence is healed!
You scratch Terence. Your bite misses Terence.
Terence is moderately wounded.
Terence hits you with a +0 short sword.
You are too injured to fight recklessly!
You are too injured to fight recklessly!
You are too injured to fight recklessly!
You are too injured to fight recklessly!
You are too injured to fight recklessly!
You scratch Terence.
Terence is heavily wounded.
Terence hits you with a +0 short sword.
* * * LOW HITPOINT WARNING * * *
You scratch Terence. You bite Terence, but do no damage.
Terence is heavily wounded.
Terence barely misses you.
You claw Terence!
Terence is almost dead.
Terence hits you with a +0 short sword.
You die...

.......#######............#####..
.#####.#### #####.######.#####.#
###.......# #.# #.##.....
#.##.##.# ##.## #.##.##.#
#.##....# #...# #.##.....
###.####..# #...#####.......#
..#.###...## #.........#####.#
.........).######....####.# #.#
..##........#..@@.......#.## ##.#
..##.......................# #...
............#....(....<.#..###..#
..##.......######....###.....#..#
####..#>..## #..........#.#..#
......##### #...####.#.#.#..#
#####.# #...# #.#......# #.#
####.#####.###..### #.#
#.......##.#.......


You could see Terence.

Vanquished Creatures
  Jessica (D:2)
  A worm (D:2)
  A dart slug (D:2)
  2 ball pythons
  An endoplasm (D:1)
  3 giant cockroaches
  4 goblins (D:1)
  2 hobgoblins (D:2)
  9 jackals
  2 kobolds
  4 quokkas
  6 bats
  A frilled lizard (D:1)
  4 rats (D:1)
41 creatures vanquished.

Notes
Turn   | Place    | Note
-------+----------+-------------------------------------------
     0 | D:1      | Malachi the Felid Transmuter began the quest for the Orb.
     0 | D:1      | Reached XP level 1. HP: 9/9 MP: 4/4
   242 | D:1      | Reached XP level 2. HP: 11/12 MP: 4/6
  1033 | D:2      | Noticed Terence
  1121 | D:2      | Reached XP level 3. HP: 10/15 MP: 5/7
  1145 | D:2      | Noticed Jessica
  1271 | D:2      | Killed Jessica
  1516 | D:2      | Found a runed translucent door.
  1517 | D:2      | Noticed Crazy Yiuf
  1624 | D:2      | Reached XP level 4. HP: 17/19 MP: 6/8
  1643 | D:2      | Learned a level 2 spell: Passwall
  2150 | D:2      | Slain by Terence
  2151 | D:2      | Reached XP level 3. HP: -1/15 MP: 7/7
  2197 | D:2      | Slain by Terence

Illustrated notes

Levels and vault maps discovered:
D:1:      dpeg_arrival_round_b, layout_basic
D:2:      layout_loops_cross, uniq_crazy_yiuf_cottage, uniq_jessica,
          uniq_terence

Skill      XL: |  1  2  3 |
---------------+----------+-----
Dodging        | 3 |  3.0
Transmutations | 3 |  3.1
Fighting       | |  1.1
Stealth        | |  0.5
Unarmed Combat | |  3.9
Spellcasting   | |  2.6

Action                   |  1- 3 |  4- 6 || total
-------------------------+-------+-------++-------
Melee: Unarmed           |    88 |    20 ||   108
       Headbutt          |    10 |     3 ||    13
       Bite              |     4 |       ||     4
 Cast: Beastly Appendage |    25 |     5 ||    30
       Passwall          |       |     1 ||     1
  Use: Scroll            |     2 |       ||     2
 Stab: Sleeping          |     1 |     3 ||     4
Armor: Skin              |     9 |       ||     9
Dodge: Dodged            |    70 |     9 ||    79
